 Dungeon Crawl Stone Soup version 0.30-a0-368-g86fb4627a9 (webtiles) character file.

Game seed: 15032066513547260965

114 Bnni the Shield-Bearer (level 5, 0/42 HPs)
             Began as a Formicid Fighter on Nov 19, 2022.
             Slain by an orc
             ... wielding a +0 club
              (2 damage)
             ... on level 4 of the Dungeon.
             The game lasted 00:05:08 (2411 turns).

Bnni the Shield-Bearer (Formicid Fighter)           Turns: 2411, Time: 00:05:09

Health: 0/42       AC: 14    Str: 23    XL:     5   Next: 19%
Magic:  5/5        EV:  6    Int:  7    God:
Gold:   129        SH:  0    Dex: 13    Spells: 4/4 levels left

rFire   . . .      SeeInvis +    a - +0 trident
rCold   . . .      Faith    .    c - +0 buckler
rNeg    . . .      Spirit   .    k - +0 plate armour
rPois   .          Reflect  .    (helmet unavailable)
rElec   .          Harm     .    (no cloak)
rCorr   .          Rampage  .    h - +2 pair of gloves
Will    .....                    (no boots)
Stlth   ..........               (no amulet)
HPRegen 0.27/turn                (no ring)
MPRegen 0.09/turn                (no ring)

@: confused, flying
A: permanent stasis, dig shafts and tunnels, antennae 3, four strong arms
a: Dig, Shaft Self


You were on level 4 of the Dungeon.
You visited 1 branch of the dungeon, and saw 4 of its levels.

You collected 129 gold pieces.

Inventory:

Hand Weapons
 a - a +0 trident (weapon)
 m - a +2 dagger of venom
Missiles
 n - 4 poisoned darts
Armour
 c - a +0 buckler (worn)
 h - a +2 pair of gloves (worn)
 k - a +0 plate armour (worn)
Wands
 l - a wand of polymorph (1)
Scrolls
 f - a scroll of brand weapon {unknown}
 g - a scroll of vulnerability {unknown}
 i - 4 scrolls of identify {unknown}
 j - 2 scrolls of enchant armour {unknown}
 q - a scroll of butterflies {unknown}
Potions
 b - a potion of curing {unknown}
 d - a potion of might
 e - a potion of degeneration {unknown}
 o - a potion of brilliance {unknown}
 p - a potion of flight
 r - a potion of heal wounds {unknown}


   Skills:
 + Level 4.1 Fighting
 * Level 3.8 Polearms
 - Level 3.2 Armour
 - Level 5.0 Shields


You had 4 spell levels left.
You didn't know any spells.
Your spell library contained the following spells:

 Spells                   Type           Power      Damage    Failure   Level
 Tukima's Dance           Hex            0%         N/A       100%        3
 Passage of Golubria      Tloc           0%         N/A       100%        4
 Yara's Violent Unravell  Hex/Tmut       0%         3d3       100%        5


Dungeon Overview and Level Annotations

Branches:
Dungeon (4/15)
 Temple: D:4-7

Altars:


Innate Abilities, Weirdness & Mutations

You cannot be hasted, slowed, berserked, paralysed or teleported.
You can dig through walls and to a lower floor.
You have a pair of large antennae on your head. (SInv)
Your four strong arms can wield two-handed weapons with a shield.


Message History

An endoplasm comes into view.
You feel less confused.
The endoplasm quivers.
The orc wizard barely misses you.
You hit the orc wizard.
The orc wizard is moderately wounded.
The orc wizard hits you but does no damage.
The orc hits you but does no damage. You block the orc's attack.
You closely miss the orc wizard.
The orc wizard is moderately wounded.
The orc wizard hits you but does no damage.
The orc hits you with a +0 club.
* * * LOW HITPOINT WARNING * * *
You block the orc's attack.
Press: ? - help, v - describe, . - travel
Here: an orc, wielding a +0 whip of electrocution and wearing a +0 leather armour (lightly wounded)
The floor.
You barely miss the orc.
The orc is lightly wounded.
The orc wizard casts a spell at you. The puff of flame hits you!
* * * LOW HITPOINT WARNING * * *
The orc hits you but does no damage. The orc closely misses you.
Unknown command.
Okay, then.
Okay, then.
Aiming: Polymorph
Press: ? - help, Shift-Dir - straight line, f - orc
Aim: an orc, wielding a +0 whip of electrocution and wearing a +0 leather armour (lightly wounded, will become a goblin, a rat, or a hobgoblin, chance to affect: 66%)
The orc evaporates and reforms as a rat!
The orc wizard barely misses you. The orc hits you but does no damage.
The rat bites you.
* * * LOW HITPOINT WARNING * * *
It was a potion of flight.
You feel very buoyant.
You fly up into the air.
The orc wizard points at you and mumbles some strange words.
You are confused.
The orc hits you with a +0 club.
You die...

....... ####### .......
#....$.## ##......
........## ##.......
....?....# ##........
.........# ###.).......
.........######...#.......
........r##.....###...††..
........o@...#### ##......
........o..).##### ##.....
........J###..)..#####.###
........)# #####....##.#
.........# ####..#.###
.........# ...........
.........# ...........
.........# ...........
......... ...........


You could see an orc wizard (invisible), an orc, an endoplasm and a rat.

Vanquished Creatures
  An orc wizard (D:3)
  A worm (D:3)
  2 dart slugs
  12 orcs
  7 ball pythons
  5 bats
  6 endoplasms
  2 giant cockroaches
  5 goblins
  6 hobgoblins
  6 jackals
  4 frilled lizards
  3 kobolds (D:1)
  5 rats (D:1)
65 creatures vanquished.

Notes
Turn   | Place    | Note
-------+----------+-------------------------------------------
     0 | D:1      | Bnni the Formicid Fighter began the quest for the Orb.
     0 | D:1      | Reached XP level 1. HP: 18/18 MP: 1/1
   132 | D:1      | Reached XP level 2. HP: 24/24 MP: 2/2
   211 | D:1      | Found a faded altar of an unknown god.
   410 | D:1      | Reached XP level 3. HP: 26/29 MP: 3/3
  1398 | D:3      | Reached XP level 4. HP: 32/37 MP: 4/4
  1673 | D:3      | Reached skill level 5 in Shields
  1684 | D:3      | Reached XP level 5. HP: 18/42 MP: 5/5
  2379 | D:4      | Identified the +4 falchion of the Wilderness {elec, *Slow
                  | Will+++ Str+3 Dex+2}
  2410 | D:4      | HP: 2/42 [rat (2)]
  2411 | D:4      | Slain by an orc

Illustrated notes

Levels and vault maps discovered:
D:1:      roderic_chinese_lattice_arrival, layout_loops_ring,
          basic_ecumenical_altar
D:2:      layout_basic
D:3:      layout_basic
D:4:      layout_rooms, minmay_temple_entry_tees, lightli_corner_chamber

Skill      XL: |  1  2  3  4 |
---------------+-------------+-----
Polearms       | 3 |  3.8
Fighting       | 4 |  4.1
Shields        | 5 |  5.0
Armour         | |  3.2

Action                   |  1- 3 |  4- 6 || total
-------------------------+-------+-------++-------
Melee: Trident           |   106 |   109 ||   215
Evoke: Wand              |       |     1 ||     1
  Use: Potion            |       |     1 ||     1
Armor: Scale mail        |    11 |       ||    11
       Ring mail         |    20 |       ||    20
       Plate armour      |     2 |    77 ||    79
Dodge: Dodged            |    40 |    32 ||    72
Block: Buckler           |    21 |    26 ||    47

Table legend: (Time is in decaauts)
 A = Elapsed time spent in this place.
 B = Non-inter-level travel time spent in this place.
 C = Inter-level travel time spent in this place.
 D = Time resting spent in this place.
 E = Time spent auto-exploring this place.
 F = Levels seen in this place.
 G = Mean time per level.
                   A        B        C        D        E       F      G
               +--------+--------+--------+--------+--------+-----+--------+
         Total |   2450 |   2326 |    124 |    140 |   1672 |   4 |  612.5 |
       Dungeon |   2450 |   2326 |    124 |    140 |   1672 |   4 |  612.5 |
               +--------+--------+--------+--------+--------+-----+--------+

Top non-repeatable levels by time:
     D:3: 1121 daAuts
     D:1: 762 daAuts
     D:2: 472 daAuts
     D:4: 94 daAuts
